Map: Orbital Shipyard

Players

Jimnasium - Winner!

  • Race: Terran Terran
  • League: Platinum

LilDicky

  • Race: Terran Terran
  • League: Diamond

VOD

http://www.twitch.tv/tumescentpie

Description

Time

  • Played on: Nov. 27, 2015, 12:45 p.m.
  • Length: 12:25
Show
View Real Time Build Order
Export as new Build Order

Jimnasium Terran - Winner!

Build Orders: 1/1/1, Mech, Banshee Rush 

Get SALT Encoding   

  12  0:00  SCV  
  13  0:13  SCV  
  14  0:20  Supply Depot  
  14  0:25  SCV  
  15  0:33  Refinery  
  15  0:41  SCV  
  16  0:50  Barracks  
  16  0:53  SCV  
  17  1:06  SCV  
  18  1:18  SCV  
  19  1:29  Supply Depot  
  19  1:38  Factory, Marine  
  19  1:39  Orbital Command  
  20  1:56  Marine  
  21  2:07  SCV  
  22  2:13  Marine  
  23  2:16  Refinery  
  23  2:19  SCV  
  24  2:23  Starport  
  24  2:25  Hellion  
  26  2:31  SCV  
  27  2:40  Supply Depot  
  27  2:44  SCV  
  28  2:47  Factory Tech Lab  
  28  2:56  SCV  
  29  3:00  Command Center  
  29  3:08  SCV  
  29  3:12  Banshee  
  33  3:20  SCV  
  33  3:25  Factory Tech Lab  
  34  3:28  Bunker  
  34  3:32  SCV  
  35  3:39  Supply Depot, Cloaking Field  
  35  3:44  SCV  
  36  3:55  Banshee  
  39  4:00  Siege Tank  
  42  4:06  SCV  
  43  4:15  Engineering Bay  
  43  4:16  Orbital Command  
  43  4:18  Refinery  
  43  4:32  Marine  
  43  4:34  Cyclone  
  43  4:37  SCV  
  48  4:41  Missile Turret  
  48  4:43  Missile Turret  
  48  4:50  SCV x2  
  49  5:01  Viking  
  45  5:32  Siege Tank  
  45  5:35  SCV  
  49  5:43  Command Center  
  48  5:54  SCV  
  49  5:59  SCV  
  49  6:00  Banshee  
  53  6:11  SCV  
  54  6:12  SCV  
  54  6:16  Command Center  
  55  6:23  SCV  
  55  6:24  SCV  
  54  6:27  Missile Turret  
  54  6:30  Missile Turret  
  54  6:31  Missile Turret  
  54  6:35  SCV  
  54  6:36  SCV  
  54  6:37  Starport  
  56  6:43  Raven  
  58  6:47  SCV  
  59  6:54  SCV  
  59  6:56  Refinery  
  59  6:57  Supply Depot  
  59  6:59  SCV  
  59  7:00  Factory  
  61  7:07  SCV  
  62  7:10  Missile Turret  
  62  7:14  Supply Depot  
  62  7:15  Starport Reactor  
  62  7:19  SCV  
  63  7:26  SCV  
  63  7:29  Viking  
  63  7:35  SCV  
  64  7:38  SCV, Siege Tank  
  68  7:46  Factory  
  68  7:47  SCV  
  68  7:50  SCV  
  70  8:02  Factory Reactor  
  68  8:07  Factory  
  68  8:10  Siege Tank  
  68  8:12  Orbital Command  
  71  8:15  SCV x2  
  71  8:18  Orbital Command  
  73  8:27  SCV x2  
  73  8:28  Refinery  
  73  8:32  Refinery  
  75  8:37  Supply Depot  
  75  8:38  Supply Depot  
  75  8:39  SCV, Hellion x2  
  75  8:40  SCV  
  81  8:42  Siege Tank  
  84  8:50  Armory, SCV  
  84  8:52  SCV x2, Armory  
  88  8:58  Liberator  
  88  8:59  Liberator  
  88  9:00  Hellion x2  
  88  9:02  SCV  
  92  9:04  SCV x2  
  94  9:12  Supply Depot  
  94  9:13  Supply Depot x2  
  94  9:14  SCV, Siege Tank  
  94  9:15  Missile Turret  
  94  9:16  SCV x2  
  106  9:22  Hellion  
  108  9:26  SCV, Orbital Command  
  108  9:28  SCV, Factory, Factory Tech Lab  
  108  9:31  Hellion  
  112  9:34  Viking  
  114  9:40  Supply Depot  
  114  9:41  Supply Depot  
  114  9:43  Supply Depot, Terran Vehicle And Ship Armor Level 1, Terran Vehicle Weapons Level 1  
  114  9:46  Siege Tank  
  114  9:48  SCV  
  118  9:59  Viking  
  120  10:02  Siege Tank  
  123  10:12  Command Center  
  123  10:13  Orbital Command  
  123  10:22  Missile Turret  
  121  10:33  Medivac x3  
  121  10:34  Siege Tank  
  121  10:35  Hellion x3  
  132  10:53  Infernal Pre-Igniter  
  132  10:55  Factory  
  132  10:56  Hellion x2, Factory  
  136  11:03  Viking x2  
  140  11:05  Orbital Command  
  140  11:12  Viking  
  130  11:33  Viking  
  124  11:42  Hellion x3, Siege Tank  
  123  12:03  Hellion x2  
  130  12:10  SCV x2  
Show
View Real Time Build Order
Export as new Build Order

LilDicky Terran 

Build Orders: Mech, Banshee Rush 

Get SALT Encoding   

  12  0:02  SCV  
  13  0:14  SCV  
  14  0:18  Supply Depot  
  14  0:26  SCV  
  15  0:29  Refinery  
  15  0:40  SCV  
  16  0:50  Barracks  
  16  0:52  SCV  
  17  1:04  SCV  
  18  1:18  SCV  
  19  1:30  SCV  
  20  1:37  Supply Depot, Marine  
  21  1:54  Orbital Command  
  21  1:59  Factory  
  21  2:05  Marine  
  21  2:11  Refinery  
  21  2:17  Command Center  
  21  2:21  SCV  
  22  2:28  Marine  
  23  2:33  SCV  
  24  2:44  Factory Tech Lab  
  24  2:46  Marine  
  24  2:48  Starport  
  24  2:50  SCV  
  26  3:03  SCV  
  26  3:04  Marine  
  28  3:07  Supply Depot  
  28  3:15  SCV  
  28  3:18  Widow Mine  
  31  3:29  Orbital Command  
  31  3:31  Cloaking Field  
  31  3:34  Banshee  
  31  3:38  SCV  
  35  3:48  Widow Mine  
  35  3:50  Barracks Reactor  
  37  4:00  SCV  
  37  4:01  SCV  
  39  4:17  Banshee  
  42  4:24  Command Center  
  42  4:34  SCV, Hellion x2  
  42  4:36  SCV  
  48  4:39  Marine  
  48  4:45  Engineering Bay  
  49  4:47  SCV  
  42  5:37  Marine  
  42  5:38  Orbital Command  
  40  5:43  Viking  
  33  6:01  Marine  
  33  6:02  Orbital Command  
  30  6:05  SCV x2, Missile Turret  
  30  6:07  Missile Turret  
  29  6:17  SCV  
  25  6:19  Marine  
  25  6:23  Hellion x2  
  25  6:24  Banshee  
  32  6:26  SCV, Missile Turret  
  32  6:31  SCV x2  
  32  6:32  Factory  
  35  6:35  Factory  
  35  6:38  SCV  
  35  6:39  Marine  
  37  6:43  SCV  
  37  6:47  SCV  
  39  6:48  Refinery  
  39  6:49  Refinery  
  39  6:50  SCV  
  39  6:53  Hellion x2  
  44  6:57  SCV, Marine  
  44  6:59  SCV  
  44  7:00  Refinery  
  47  7:01  Refinery  
  47  7:02  SCV  
  48  7:09  Banshee  
  48  7:13  Starport  
  51  7:19  Factory Tech Lab, Factory Reactor  
  51  7:21  Hellion  
  53  7:34  SCV  
  54  7:40  Siege Tank  
  54  7:41  SCV, Marine  
  59  7:45  SCV  
  59  7:46  SCV  
  61  7:53  SCV  
  61  7:57  SCV  
  61  7:58  SCV  
  64  8:05  SCV  
  62  8:07  Starport Reactor  
  62  8:09  SCV  
  62  8:10  Corvid Reactor  
  62  8:12  SCV  
  64  8:16  Banshee  
  64  8:19  SCV  
  68  8:21  SCV  
  69  8:30  Liberator  
  69  8:33  Supply Depot  
  69  8:34  Supply Depot  
  69  8:42  Infernal Pre-Igniter  
  69  8:47  SCV  
  69  8:48  Hellion x2  
  77  8:55  Hellion, Widow Mine  
  79  8:58  Cyclone  
  79  9:00  Medivac  
  79  9:01  Medivac  
  79  9:02  SCV  
  89  9:06  Supply Depot  
  89  9:11  Supply Depot  
  89  9:14  Terran Infantry Weapons Level 1  
  89  9:19  Armory  
  89  9:23  SCV  
  90  9:24  Armory  
  90  9:25  SCV  
  90  9:30  Medivac  
  93  9:36  SCV  
  94  9:47  SCV x2  
  94  9:48  SCV  
  94  9:49  Liberator x2  
  97  9:59  SCV  
  98  10:00  Missile Turret  
  98  10:02  Missile Turret  
  98  10:04  Banshee  
  98  10:05  Missile Turret  
  98  10:06  Missile Turret  
  107  10:08  Missile Turret  
  107  10:10  Hellion  
  109  10:16  Supply Depot  
  109  10:18  Supply Depot  
  109  10:21  Hellion  
  105  10:35  Liberator x2  
  99  10:48  SCV  
  102  10:50  Hellion x3  
  102  10:54  Thor, Widow Mine  
  102  10:56  SCV x2  
  114  11:12  Hellion  
  114  11:13  Hellion  
  83  11:37  Siege Tank  
  80  11:40  Hellion x2  
  80  11:46  SCV x2  
Tags
 
Add a new tag
Caveats
  • Supply blocks, unpowered buildings, or Contaminate may cause inaccurate times.
  • Supply counts are checked every 10 seconds.